 Dungeon Crawl Stone Soup version 0.28.0-53-g5a82cb258f (webtiles) character file.

Game seed: 16674573222011585545

26 Zeld the Ruffian (level 2, 0/23 HPs)
             Began as a Draconian Transmuter on May 21, 2022.
             Succumbed to a goblin's poison
             ... on level 1 of the Dungeon.
             The game lasted 00:00:33 (615 turns).

Zeld the Ruffian (Draconian Transmuter)              Turns: 615, Time: 00:00:34

Health: 0/23       AC:  4    Str: 12    XL:     2   Next: 89%
Magic:  4/5        EV: 12    Int: 13    God:
Gold:   34         SH:  0    Dex: 11    Spells: 4/5 levels left

rFire   . . .      SeeInvis .     - Unarmed
rCold   . . .      Faith    .   (no shield)
rNeg    . . .      Spirit   .   (armour unavailable)
rPois   .          Reflect  .   (helmet currently unavailable)
rElec   .          Harm     .   (no cloak)
rCorr   .          Rampage  .   (no gloves)
Will    .....                   (boots currently unavailable)
Stlth   +.........              (no amulet)
HPRegen 0.07/turn               (no ring)
MPRegen 0.09/turn               (no ring)

@: lethally poisoned (0 -> -14), appendages (expiring)
A: horns 2, talons 2, AC +4, unfitting armour, cold-blooded
a: End Transformation


You were on level 1 of the Dungeon.
You had temporarily grown beastly horns and talons.
You visited 1 branch of the dungeon, and saw 1 of its levels.

You collected 34 gold pieces.

Inventory:

Potions
 a - a potion of mutation {unknown}
 b - a potion of heal wounds {unknown}


   Skills:
 + Level 1.4 Fighting
 + Level 2.0 Dodging
 - Level 3.0 Unarmed Combat
 * Level 2.3 Spellcasting
 * Level 2.4 Transmutations
 + Level 0.4 Ice Magic
 + Level 0.7 Poison Magic


You had 4 spell levels left.
You knew the following spells:

 Your Spells              Type           Power      Damage    Failure   Level
a - Beastly Appendage     Tmut           14%        N/A       9%          1

Your spell library contained the following spells:

 Spells                   Type           Power      Damage    Failure   Level
 Wereblood                Tmut           7%         N/A       14%         2
 Spider Form              Tmut/Pois      5%         N/A       36%         3
 Ice Form                 Ice/Tmut       5%         N/A       80%         4


Dungeon Overview and Level Annotations

Branches:
Dungeon (1/15)

Altars:


Innate Abilities, Weirdness & Mutations

You have temporarily grown beastly horns and talons.
Your plain brown scales are hard. (AC +4)
You cannot fit into any form of body armour.
You are cold-blooded and may be slowed by cold attacks.


Message History

Your transformation is almost over.
Your horns disappear.
Your talons disappear.
You open the large door.
There is a stone staircase leading down here.
Key pressed, stopping explore.
No target in view!
No target in view!
A goblin comes into view. It is wielding a +1 dagger of venom.
The goblin shouts!
Found a stone staircase leading down.
A goblin is nearby!
Casting: Beastly Appendage (safe; 9% risk of failure)
Confirm with . or Enter, or press ? or * to list all spells.
You grow a pair of large bovine horns.
Your feet morph into talons.
A goblin is nearby!
You barely miss the goblin.
The goblin hits you with a +1 dagger of venom.
You are poisoned.
You closely miss the goblin.
You feel very sick. The goblin hits you but does no damage.
You are lethally poisoned!
You hit the goblin. Your punch misses the goblin.
The goblin is heavily wounded.
You feel very sick.
The goblin hits you with a +1 dagger of venom.
You are more poisoned.
You hit the goblin.
You kill the goblin!
You feel very sick.
You are too injured to fight recklessly!
There is a lethal amount of poison in your body!
You are too injured to fight recklessly!
There is a lethal amount of poison in your body!
There is a lethal amount of poison in your body!
There is a lethal amount of poison in your body!
* * * LOW HITPOINT WARNING * * *
You feel very sick.
Your transformation is almost over.
You die...

......#.###.......####
......#...............
#.......######...####
#....................
#.......######...##.#
#.......######..(##.#
####............##.###.#
.....................(..
.......@...........###''
.......)##.........##8..
.........#.........###..
..#.##.#.#.........#<'..
.... #. .#############..
#.# .# ## #8... #. >.
###.. ## #รท+.. ###..


There were no monsters in sight!

Vanquished Creatures
  2 dart slugs (D:1)
  3 ball pythons (D:1)
  2 endoplasms (D:1)
  A giant cockroach (D:1)
  3 goblins (D:1)
  A hobgoblin (D:1)
  2 quokkas (D:1)
  2 bats (D:1)
  A frilled lizard (D:1)
  2 rats (D:1)
19 creatures vanquished.

Notes
Turn   | Place    | Note
-------+----------+-------------------------------------------
     0 | D:1      | Zeld the Draconian Transmuter began the quest for the Orb.
     0 | D:1      | Reached XP level 1. HP: 16/16 MP: 3/3
   140 | D:1      | Reached XP level 2. HP: 23/23 MP: 3/5
   615 | D:1      | Succumbed to a goblin's poison

Illustrated notes

Levels and vault maps discovered:
D:1:      wander_arrival_abandoned_jail, layout_basic, st_stairs_7

Skill      XL: |  1  2 |
---------------+-------+-----
Dodging        | 2 |  2.0
Fighting       | |  1.4
Unarmed Combat | |  3.0
Spellcasting   | |  2.3
Transmutations | |  2.4
Ice Magic      | |  0.4
Poison Magic   | |  0.7

Action                   || total
-------------------------++-------
Melee: Unarmed           ||    46
       Tailslap          ||     5
       Kick              ||     6
       Headbutt          ||     2
       Punch             ||     1
 Cast: Beastly Appendage ||    11
 Stab: Sleeping          ||     1
Armor: Skin              ||    12
Dodge: Dodged            ||    40
